Map: Sanctuary III LE

Players

SLicKcHeeZEE

  • Race: Zerg Zerg

A.I. 1 (Very Hard) - Winner!

  • Race: Terran Terran

VOD

Have the link to the VOD?

Description

Time

  • Played on: Sept. 13, 2026, 4:21 a.m.
  • Length: 15:42
Show
View Real Time Build Order
Export as new Build Order

SLicKcHeeZEE Zerg 

Build Orders: Pool First 

Get SALT Encoding   

  8  0:00  Drone  
  9  0:12  Drone  
  10  0:17  Drone  
  11  0:28  Overlord  
  11  0:33  Drone  
  12  0:46  Drone x2  
  14  0:52  Drone  
  15  1:02  Drone  
  16  1:10  Spawning Pool  
  15  1:12  Drone  
  16  1:38  Hatchery  
  15  1:42  Overlord  
  15  1:57  Queen  
  17  2:06  Extractor  
  16  2:09  Zergling x6  
  19  2:21  Drone  
  20  2:26  Roach Warren  
  19  2:40  Drone x2  
  21  2:51  Overlord  
  21  3:06  Roach x3  
  21  3:10  Roach  
  29  3:16  Drone  
  29  3:17  Drone  
  31  3:25  Drone  
  31  3:26  Drone  
  33  3:47  Lair  
  33  3:50  Extractor  
  33  3:51  Overlord  
  32  4:00  Drone x2  
  32  4:01  Drone  
  35  4:09  Queen  
  37  4:14  Overlord  
  37  4:28  Overlord  
  37  4:30  Drone x3  
  40  4:36  Drone  
  40  4:38  Drone  
  42  4:40  Drone  
  43  4:47  Hydralisk Den  
  42  4:55  Evolution Chamber  
  41  5:03  Extractor  
  41  5:05  Drone  
  41  5:06  Drone x2  
  43  5:07  Drone x2  
  43  5:12  Overlord  
  45  5:19  Hydralisk  
  47  5:23  Hydralisk  
  49  5:30  Glial Reconstitution  
  49  5:36  Grooved Spines  
  49  5:38  Zerg Missile Weapons Level 1  
  49  5:46  Drone x2  
  49  5:47  Drone  
  49  5:49  Drone  
  53  5:51  Drone  
  53  5:53  Drone  
  55  5:57  Overlord  
  55  6:14  Hydralisk x2  
  59  6:26  Muscular Augments  
  59  6:29  Hatchery  
  58  6:34  Drone x3  
  61  6:46  Extractor  
  60  6:50  Roach x3  
  60  6:51  Roach x2, Hydralisk  
  72  6:54  Hydralisk  
  74  7:10  Drone  
  74  7:14  Drone x2  
  77  7:24  Roach  
  77  7:25  Overlord x2  
  79  7:40  Drone  
  80  7:50  Queen  
  82  7:53  Hydralisk  
  82  7:54  Hydralisk x2  
  82  7:56  Roach x6  
  82  7:57  Overlord x2  
  100  8:04  Zerg Missile Weapons Level 2  
  100  8:10  Evolution Chamber  
Show
View Real Time Build Order
Export as new Build Order

A.I. 1 (Very Hard) Terran - Winner!

Build Orders:  

Get SALT Encoding   

  8  0:00  SCV  
  9  0:13  SCV  
  10  0:25  SCV  
  11  0:37  SCV  
  12  0:47  Supply Depot  
  12  0:49  SCV  
  13  1:08  SCV  
  14  1:14  Barracks  
  14  1:15  Refinery  
  14  1:20  SCV  
  15  1:32  SCV  
  15  1:36  Barracks  
  16  1:45  SCV  
  17  1:57  SCV  
  18  2:02  Marine  
  19  2:09  SCV  
  20  2:20  Barracks  
  20  2:21  Orbital Command  
  20  2:22  Marine  
  21  2:33  Supply Depot  
  21  2:44  Barracks Tech Lab  
  21  2:47  Barracks Tech Lab  
  21  2:55  SCV  
  22  3:02  Marine  
  23  3:05  Marine  
  23  3:06  Marine  
  23  3:07  Stimpack, SCV  
  23  3:11  Concussive Shells  
  26  3:17  Supply Depot  
  26  3:20  Marine  
  26  3:23  Marine  
  26  3:24  Marine  
  29  3:37  Factory  
  29  3:38  Refinery  
  29  3:39  SCV  
  30  3:51  SCV  
  31  4:03  SCV  
  31  4:08  Supply Depot  
  32  4:12  Marine  
  32  4:15  SCV  
  34  4:27  Starport, SCV  
  35  4:31  Supply Depot  
  35  4:32  Marine  
  35  4:34  Marine  
  37  4:39  SCV  
  37  4:41  Marauder  
  40  4:50  Marauder  
  40  4:51  Marine  
  43  4:55  Supply Depot  
  43  5:02  Marauder  
  43  5:04  Medivac  
  47  5:12  Marauder  
  49  5:19  Barracks Reactor  
  49  5:20  Factory Tech Lab  
  49  5:24  Marauder  
  49  5:26  Supply Depot  
  49  5:28  Command Center  
  51  5:32  Marine  
  52  5:42  Siege Tank  
  55  5:45  Marauder  
  57  5:51  Marauder  
  57  5:54  Marine  
  60  6:03  Supply Depot  
  60  6:06  Marauder  
  62  6:12  Marauder  
  64  6:18  Siege Tank  
  67  6:28  Marauder  
  67  6:29  Supply Depot  
  69  6:40  SCV x2  
  71  6:49  Refinery  
  71  6:51  Siege Tank  
  71  6:52  SCV  
  71  6:53  SCV  
  76  7:04  SCV  
  76  7:05  SCV  
  78  7:14  Refinery  
  78  7:16  SCV  
  78  7:17  Combat Shield, SCV  
  80  7:23  Siege Tank  
  80  7:28  SCV  
  80  7:29  SCV  
  85  7:31  Engineering Bay  
  85  7:39  Engineering Bay  
  85  7:40  SCV  
  85  7:42  SCV  
  87  7:47  Supply Depot  
  87  7:52  SCV  
  87  7:54  Orbital Command  
  87  7:57  Terran Infantry Armor Level 1  
  88  7:59  Missile Turret  
  88  8:04  Missile Turret  
  88  8:05  SCV, Terran Infantry Weapons Level 1  
  89  8:15  Barracks, Starport Reactor  
  89  8:17  SCV  
  89  8:18  Marine  
  85  8:20  SCV  
  85  8:23  Marine  
  87  8:29  SCV  
  87  8:32  SCV  
  89  8:37  Marine, Marauder  
  89  8:41  SCV  
  93  8:43  Supply Depot  
  93  8:44  SCV  
  95  8:48  Marauder  
  95  8:50  Marine  
  95  8:51  Medivac  
  95  8:53  SCV  
  95  8:54  Marine  
  99  8:56  SCV  
  99  8:58  Marine  
  99  9:02  Marine  
  97  9:05  SCV  
  97  9:08  SCV  
  97  9:09  Marine  
  86  9:10  Marauder  
  86  9:12  Marine  
  86  9:16  Marauder  
  84  9:19  Marine  
  85  9:27  Siege Tank, Marine  
  85  9:30  Marine  
  92  9:31  Marauder  
  92  9:37  Marine  
  93  9:38  Command Center  
  88  9:47  Marine  
  88  9:50  Medivac  
  88  9:51  Marine  
  94  9:53  Marauder  
  94  9:55  Marauder  
  94  9:59  Siege Tank, Marine  
  96  10:05  Supply Depot  
  99  10:14  Marauder  
  99  10:17  Armory  
  99  10:20  Marauder  
  101  10:28  Missile Turret  
  101  10:31  Siege Tank  
  106  10:35  Marauder  
  106  10:36  Supply Depot  
  106  10:42  Marauder  
  108  10:46  Medivac  
  110  10:51  Missile Turret  
  110  10:52  SCV x2  
  110  10:53  SCV  
  115  10:57  Marauder  
  115  11:04  Siege Tank, SCV  
  119  11:06  SCV  
  119  11:07  Terran Infantry Weapons Level 2  
  119  11:08  SCV  
  121  11:11  Terran Vehicle Weapons Level 1  
  121  11:13  Missile Turret  
  121  11:14  Missile Turret  
  121  11:16  SCV  
  122  11:19  SCV  
  122  11:20  SCV  
  122  11:22  Armory  
  124  11:27  Supply Depot  
  124  11:28  SCV  
  124  11:31  SCV  
  126  11:33  SCV  
  126  11:35  Missile Turret  
  126  11:36  Widow Mine  
  129  11:40  SCV  
  129  11:44  Hi-Sec Auto Tracking, Factory  
  129  11:46  Missile Turret, Orbital Command  
  130  11:48  Missile Turret  
  130  11:49  Command Center  
  130  11:54  Medivac  
  130  11:55  Marine  
  130  11:56  Marine  
  130  11:57  Marine, Widow Mine, Supply Depot  
  130  11:59  Marine  
  138  12:02  Viking  
  140  12:09  Terran Vehicle And Ship Armor Level 1  
  140  12:10  Missile Turret  
  140  12:13  Marauder  
  140  12:14  Marauder  
  144  12:21  Supply Depot  
  144  12:24  Viking  
  144  12:28  Starport  
  144  12:29  Factory Tech Lab  
  146  12:31  Viking  
  146  12:35  Marauder  
  146  12:36  Marauder  
  152  12:39  Barracks  
  152  12:40  Ghost Academy  
  152  12:41  Neosteel Armor  
  152  12:46  Supply Depot  
  152  12:47  Marine  
  152  12:48  Marine x2  
  155  12:54  Viking  
  155  12:56  Marine  
  155  12:57  Marauder  
  160  13:01  SCV, Viking  
  160  13:02  SCV x2  
  160  13:04  SCV, Liberator  
  169  13:11  Supply Depot  
  169  13:13  SCV  
  169  13:14  Marauder, SCV  
  169  13:18  Ghost  
  175  13:23  Refinery  
  175  13:24  Refinery, Medivac  
  177  13:30  Planetary Fortress, Missile Turret  
  177  13:33  Viking, Missile Turret  
  179  13:36  Missile Turret  
  179  13:37  Supply Depot  
  179  13:44  Refinery  
  179  13:46  Refinery  
  179  13:47  Starport Tech Lab  
  179  13:58  Command Center  
  179  14:06  Marine, Raven, Barracks Tech Lab  
  179  14:07  Marine  
  179  14:08  Marine  
  179  14:09  Marine  
  185  14:10  Marine  
  186  14:17  Viking  
  186  14:20  Viking  
  186  14:24  Marine  
  190  14:25  Marine, Ghost, Marauder  
  196  14:40  Raven  
  196  14:41  Missile Turret  
  196  14:43  Marauder  
  200  15:02  Missile Turret  
  200  15:22  Refinery, Command Center  
  200  15:26  Missile Turret x2  
  200  15:29  Missile Turret, Refinery  
Tags
 
Add a new tag
Caveats
  • Supply blocks, unpowered buildings, or Contaminate may cause inaccurate times.
  • Supply counts are checked every 10 seconds.